Jets vs Red Wings
(R1)
Created - October 21, 2023 at 22:49
Goals
|
| Jets |
0 |
1 |
0 |
0 |
1 |
| Red Wings |
1 |
0 |
0 |
1 |
2 |
|
Shots
|
| Jets |
5 |
13 |
18 |
0 |
36 |
| Red Wings |
9 |
14 |
7 |
1 |
31 |
|
1st period
1. Red Wings , Dylan Larkin 2 (Nikita Kucherov 4, David Rundblad 1) at 2:11
Penalties :
Carson Mcmillan (Det) for Interference (Minor) at 3:58, Max Domi (Win) for Hooking (Minor) at 6:41, Marco Scandella (Win) for High sticking (Minor) at 13:08
2nd period
2. Jets , Ryan Murray 1 (Tyler Seguin 1, Dougie Hamilton 3) at 17:51 (PP)
Penalties :
Cody Franson (Det) for High sticking (Minor) at 4:04, Troy Stetcher (Win) for Roughing (Minor) at 7:34, Nino Niederreiter (Det) for Hooking (Minor) at 17:15
3rd period
No Goal
Penalties :
Frans Nielsen (Det) for High sticking (Minor) at 7:58, Marco Scandella (Win) for Holding (Minor) at 14:36, Jamie Arniel (Det) for Tripping (Minor) at 18:41, Tyler Toffoli (Win) for Tripping (Minor) at 19:05
Overtime #1
3. Red Wings , Nino Niederreiter 3 (Nikita Kucherov 5) at 0:12
Penalties :
No Penalty
Goalie Stats
Jacob Markstrom (Win), 29 saves from 31 shots - (0.935), OTL, 0-2-1, 60:12 minutes
Tyler Weiman (Det), 35 saves from 36 shots - (0.972), W, 1-0-0, 60:12 minutes
Players Stats for Jets
Player Name G A P +/- PIM S H SB GA TA FO MP PP MP PK MP
------------------------------------------------------------------------------------
Adam Larsson 0 0 0 -2 0 1 2 2 0 2 0/0 22:17 4:23 4:30
Alex Galchenyuk 0 0 0 -1 0 2 1 2 2 0 0/1 18:44 4:05 1:07
Alexander Wennberg 0 0 0 0 0 1 0 0 0 0 5/10 14:32 0:03 4:10
Anthony Mantha 0 0 0 -1 0 4 2 0 1 2 1/2 20:25 2:34 4:22
Dougie Hamilton 0 1 1 0 0 2 2 0 1 0 0/0 25:39 4:10 4:30
Frank Vatrano 0 0 0 0 0 2 3 0 0 0 0/0 10:03 0:03 2:16
Kyle Connor 0 0 0 0 0 0 0 0 0 0 0/0 10:01 0:00 0:00
Marco Scandella 0 0 0 -1 4 2 1 1 0 1 0/0 14:43 0:13 1:30
Max Domi 0 0 0 -1 2 6 1 0 0 0 9/17 16:59 2:34 0:19
Mirco Mueller 0 0 0 0 0 0 0 4 0 0 0/0 13:41 0:00 0:00
Noel Acciari 0 0 0 0 0 1 1 0 0 0 2/5 9:42 0:00 2:16
Ryan Johansen 0 0 0 0 0 1 3 0 0 0 11/25 17:18 4:10 0:00
Ryan Murray 1 0 1 0 0 2 3 6 0 0 0/0 24:14 2:34 3:26
Sam Reinhart 0 0 0 0 0 1 0 0 0 0 0/0 11:31 2:47 0:00
Troy Stetcher 0 0 0 0 2 2 3 1 1 0 0/0 16:00 0:00 1:56
Tyler Seguin 0 1 1 -2 0 4 0 0 2 1 2/4 16:56 2:34 0:00
Tyler Toffoli 0 0 0 0 2 2 4 0 0 1 0/0 16:39 4:09 0:00
Viktor Arvidsson 0 0 0 0 0 3 1 1 0 0 1/2 12:17 0:25 1:22
Players Stats for Red Wings
Player Name G A P +/- PIM S H SB GA TA FO MP PP MP PK MP
------------------------------------------------------------------------------------
Artemi Panarin 0 0 0 0 0 0 1 0 1 0 0/3 17:51 3:27 1:24
Brendan Woods 0 0 0 0 0 1 1 1 0 0 0/0 10:37 0:00 1:46
Carson Mcmillan 0 0 0 0 2 1 0 3 0 0 1/1 10:30 0:00 2:49
Cody Franson 0 0 0 0 2 0 0 1 0 0 0/0 13:28 0:00 0:00
David Rundblad 0 1 1 1 0 4 3 4 1 2 0/0 19:50 0:00 4:39
Drew Fata 0 0 0 0 0 1 0 1 0 0 0/0 22:10 0:00 4:39
Dylan Larkin 1 0 1 1 0 6 0 0 0 2 17/30 19:53 4:29 0:17
Frans Nielsen 0 0 0 0 2 1 3 0 0 0 2/2 15:33 3:09 0:00
Jake Gardiner 0 0 0 1 0 2 2 2 0 1 0/0 20:17 3:09 2:18
Jamie Arniel 0 0 0 0 2 4 0 0 0 1 5/10 12:08 0:00 3:37
Nikita Kucherov 0 2 2 2 0 3 2 2 1 0 1/1 20:10 4:29 0:00
Nino Niederreiter 1 0 1 2 2 3 3 0 2 1 1/5 22:07 4:29 2:15
Philip Samuelsson 0 0 0 1 0 1 1 0 1 0 0/0 22:25 4:47 0:00
Robby Fabbri 0 0 0 0 0 1 1 1 0 0 1/2 13:40 4:47 0:00
Roland McKeown 0 0 0 0 0 0 1 0 0 0 0/0 14:02 0:00 2:18
Ryan O'Reilly 0 0 0 0 0 2 1 0 0 0 6/9 15:33 3:27 0:00
T.J. Hensick 0 0 0 0 0 1 1 1 1 0 0/2 10:41 0:00 1:46
Tyler Bertuzzi 0 0 0 0 0 0 1 1 0 0 1/1 11:45 3:27 0:00
3 Stars
1 - Tyler Weiman (Det)
2 - Nikita Kucherov (Det)
3 - Nino Niederreiter (Det)
Power Play
Jets - 1 on 5 Attempt(s) - 20.00%
Red Wings - 0 on 5 Attempt(s) - 0.00%
Penalty Kill
Jets - 5 on 5 Attempt(s) - 100.00%
- Score 0 goal in Penalty Kill
Red Wings - 4 on 5 Attempt(s) - 80.00%
- Score 0 goal in Penalty Kill
Team Stat
Jets - Hits : 27 - Faceoff Wins : 31 - Blocked Shots : 17 - Penalty Minutes : 10
Red Wings - Hits : 21 - Faceoff Wins : 35 - Blocked Shots : 17 - Penalty Minutes : 10
Official
Referees : TJ Luxmore and Graham Skilliter
Linesman : Kiel Murchison and Scott Cherrey
Game Notes
No Game Note
Finance
Level 1 -- Attendance: 5518 (91.97%) -- Ticket Income $551,800
Level 2 -- Attendance: 4744 (94.88%) -- Ticket Income $284,640
Level 3 -- Attendance: 1939 (96.95%) -- Ticket Income $67,865
Level 4 -- Attendance: 4000 (100.00%) -- Ticket Income $100,000
Luxury Box -- Attendance: 1000 (100.00%) -- Ticket Income $200,000
Game was played at the Little Caesars arena.
Total Attendance: 17201 (95.56%)
Total Ticket Income: $1,204,305
Other Income: $180,646
Total Income: $1,384,951
Jets
5 vs 5 Forward
Center Left Wing Right Wing Time % Phy DF OF
1 Ryan Johansen Alex Galchenyuk Tyler Toffoli 35 1 2 2
2 Max Domi Anthony Mantha Tyler Seguin 35 1 2 2
3 Alexander Wennberg Kyle Connor Viktor Arvidsson 25 1 2 2
4 Noel Acciari Frank Vatrano Sam Reinhart 5 1 2 2
5 vs 5 Defense
Defense Defense Time % Phy DF OF
1 Ryan Murray Dougie Hamilton 38 1 2 2
2 Adam Larsson Marco Scandella 31 1 2 2
3 Troy Stetcher Mirco Mueller 31 1 2 2
4 Adam Larsson Dougie Hamilton 0 1 2 2
PowerPlay Forward
Center Left Wing Right Wing Time % Phy DF OF
1 Ryan Johansen Alex Galchenyuk Tyler Toffoli 55 1 0 4
2 Max Domi Anthony Mantha Tyler Seguin 45 1 0 4
PowerPlay Defense
Defense Defense Time % Phy DF OF
1 Adam Larsson Dougie Hamilton 60 0 1 4
2 Sam Reinhart Ryan Murray 40 0 1 4
Penalty Kill 4 Players Forward
Center Wing Time % Phy DF OF
1 Alexander Wennberg Anthony Mantha 60 1 2 2
2 Noel Acciari Frank Vatrano 40 1 2 2
Penalty Kill 4 Players Defense
Defense Defense Time % Phy DF OF
1 Adam Larsson Dougie Hamilton 60 1 3 1
2 Ryan Murray Marco Scandella 40 1 3 1
Penalty Kill - 3 Players Forward
Forward Time % Phy DF OF
1 Ryan Johansen 60 0 4 1
2 Noel Acciari 40 0 4 1
Penalty Kill - 3 Players Defense
Defense Defense Time % Phy DF OF
1 Adam Larsson Dougie Hamilton 60 1 4 0
2 Ryan Murray Marco Scandella 40 1 4 0
4 vs 4 Forward
Center Wing Time % Phy DF OF
1 Ryan Johansen Alex Galchenyuk 60 1 2 2
2 Max Domi Tyler Seguin 40 1 2 2
4 vs 4 Defense
Defense Defense Time % Phy DF OF
1 Adam Larsson Dougie Hamilton 60 1 2 2
2 Ryan Murray Marco Scandella 40 1 2 2
Last Minutes Offensive
Center Left Wing Right Wing Defense Defense
Ryan Johansen Alex Galchenyuk Tyler Seguin Adam Larsson Dougie Hamilton
Last Minutes Defensive
Center Left Wing Right Wing Defense Defense
Ryan Johansen Anthony Mantha Tyler Toffoli Adam Larsson Marco Scandella
Goaltenders
Starting : Jacob Markstrom
Backup : Elvis Merzlikins
Extra Forwards
Normal : Viktor Arvidsson, Anthony Mantha, Alexander Wennberg - PP : Viktor Arvidsson, Anthony Mantha - PK : Viktor Arvidsson
Extra Defensemen
Normal : Marco Scandella, Troy Stetcher, Mirco Mueller - PP : Marco Scandella - PK : Marco Scandella, Troy Stetcher
Penalty Shots
Tyler Seguin, Alex Galchenyuk, Ryan Johansen, Tyler Toffoli, Viktor Arvidsson
Custom OT Lines Forwards
Tyler Seguin, Alex Galchenyuk, Ryan Johansen, Tyler Toffoli, Viktor Arvidsson, Anthony Mantha, Alexander Wennberg, Max Domi, Kyle Connor, Sam Reinhart
Custom OT Lines Defensemen
Adam Larsson, Dougie Hamilton, Ryan Murray, Marco Scandella, Troy Stetcher
Scratches
None
Red Wings
5 vs 5 Forward
Center Left Wing Right Wing Time % Phy DF OF
1 Dylan Larkin Nino Niederreiter Nikita Kucherov 40 1 2 2
2 Ryan O'Reilly Artemi Panarin Frans Nielsen 30 1 2 2
3 Jamie Arniel Robby Fabbri Tyler Bertuzzi 20 1 2 2
4 T.J. Hensick Brendan Woods Carson Mcmillan 10 1 2 2
5 vs 5 Defense
Defense Defense Time % Phy DF OF
1 Drew Fata Philip Samuelsson 40 1 2 2
2 Jake Gardiner David Rundblad 30 1 2 2
3 Cody Franson Roland McKeown 20 1 2 2
4 Cody Franson Roland McKeown 10 1 2 2
PowerPlay Forward
Center Left Wing Right Wing Time % Phy DF OF
1 Dylan Larkin Nino Niederreiter Nikita Kucherov 60 1 2 2
2 Ryan O'Reilly Artemi Panarin Tyler Bertuzzi 40 1 2 2
PowerPlay Defense
Defense Defense Time % Phy DF OF
1 Robby Fabbri Philip Samuelsson 60 1 2 2
2 Frans Nielsen Jake Gardiner 40 1 2 2
Penalty Kill 4 Players Forward
Center Wing Time % Phy DF OF
1 Jamie Arniel Carson Mcmillan 60 1 4 0
2 T.J. Hensick Brendan Woods 40 1 4 0
Penalty Kill 4 Players Defense
Defense Defense Time % Phy DF OF
1 Drew Fata David Rundblad 60 1 4 0
2 Roland McKeown Jake Gardiner 40 1 4 0
Penalty Kill - 3 Players Forward
Forward Time % Phy DF OF
1 Carson Mcmillan 60 1 2 2
2 Jamie Arniel 40 1 2 2
Penalty Kill - 3 Players Defense
Defense Defense Time % Phy DF OF
1 Drew Fata David Rundblad 60 1 2 2
2 Jake Gardiner Roland McKeown 40 1 2 2
4 vs 4 Forward
Center Wing Time % Phy DF OF
1 Artemi Panarin Nikita Kucherov 60 1 2 2
2 Dylan Larkin Nino Niederreiter 40 1 2 2
4 vs 4 Defense
Defense Defense Time % Phy DF OF
1 Drew Fata Jake Gardiner 60 1 2 2
2 David Rundblad Philip Samuelsson 40 1 2 2
Last Minutes Offensive
Center Left Wing Right Wing Defense Defense
Artemi Panarin Nino Niederreiter Nikita Kucherov Jake Gardiner Philip Samuelsson
Last Minutes Defensive
Center Left Wing Right Wing Defense Defense
Jamie Arniel T.J. Hensick Carson Mcmillan Jake Gardiner Drew Fata
Goaltenders
Starting : Tyler Weiman
Backup : Ilya Samsonov
Extra Forwards
Normal : Robby Fabbri, Jamie Arniel, T.J. Hensick - PP : Jamie Arniel, T.J. Hensick - PK : Nino Niederreiter
Extra Defensemen
Normal : Roland McKeown, David Rundblad, Philip Samuelsson - PP : Cody Franson - PK : Philip Samuelsson, Cody Franson
Penalty Shots
Dylan Larkin, Nikita Kucherov, Artemi Panarin, Carson Mcmillan, Frans Nielsen
Custom OT Lines Forwards
Nikita Kucherov, Nino Niederreiter, Dylan Larkin, Artemi Panarin, Ryan O'Reilly, Tyler Bertuzzi, Frans Nielsen, Robby Fabbri, Jamie Arniel, T.J. Hensick
Custom OT Lines Defensemen
Philip Samuelsson, Jake Gardiner, Drew Fata, David Rundblad, Roland McKeown
Scratches
Alexandre Grenier (Healthy), Jeff Schultz (Right Forearm Injury)
% Time on Ice - Jets
Lines # - Real PCT - Wanted PCT - Time Play
Normal Forward
1 - 29% - 35% - 12:43
2 - 32% - 35% - 14:03
3 - 23% - 25% - 10:01
4 - 17% - 5% - 7:26
Normal Defense
1 - 39% - 38% - 17:12
2 - 30% - 31% - 13:20
3 - 31% - 31% - 13:41
4 - 0% - 0% - 0:00
PP Forward
1 - 62% - 55% - 4:20
2 - 38% - 45% - 2:37
PP Defense
1 - 63% - 60% - 4:23
2 - 37% - 40% - 2:34
PK Forward
1 - 71% - 60% - 5:40
2 - 29% - 40% - 2:16
PK Defense
1 - 57% - 60% - 4:30
2 - 43% - 40% - 3:26
PK3 Forward
1 - 0% - 60%
2 - 0% - 40%
PK3 Defense
1 - 0% - 60%
2 - 0% - 40%
44 Forward
1 - 70% - 60% - 0:38
2 - 30% - 40% - 0:16
44 Defense
1 - 52% - 60% - 0:28
2 - 48% - 40% - 0:26
Last Minute Offensive - 0:00
Last Minute Defensive - 0:00
Total
Forward - 60:00
Defense - 60:00
|
% Time on Ice - Red Wings
Lines # - Real PCT - Wanted PCT - Time Play
Normal Forward
1 - 34% - 40% - 14:56
2 - 31% - 30% - 13:31
3 - 18% - 20% - 8:09
4 - 17% - 10% - 7:37
Normal Defense
1 - 43% - 40% - 18:56
2 - 32% - 30% - 13:56
3 - 20% - 20% - 8:39
4 - 6% - 10% - 2:42
PP Forward
1 - 57% - 60% - 4:29
2 - 43% - 40% - 3:27
PP Defense
1 - 60% - 60% - 4:47
2 - 40% - 40% - 3:09
PK Forward
1 - 75% - 60% - 5:11
2 - 25% - 40% - 1:46
PK Defense
1 - 67% - 60% - 4:39
2 - 33% - 40% - 2:18
PK3 Forward
1 - 0% - 60%
2 - 0% - 40%
PK3 Defense
1 - 0% - 60%
2 - 0% - 40%
44 Forward
1 - 70% - 60% - 0:38
2 - 30% - 40% - 0:16
44 Defense
1 - 100% - 60% - 0:54
2 - 0% - 40% - 0:00
Last Minute Offensive - 0:00
Last Minute Defensive - 0:00
Total
Forward - 60:00
Defense - 60:00
|
Play-by-Play
1st period
0:01 of 1st period - Ryan Johansen wins face-off versus Dylan Larkin in neutral zone.
0:56 of 1st period - Off-side.
0:57 of 1st period - Robby Fabbri wins face-off versus Noel Acciari in neutral zone.
1:00 of 1st period - Snap shot by Jamie Arniel.
1:00 of 1st period - Stopped by Jacob Markstrom with a rebound.
1:55 of 1st period - Snap shot by Nikita Kucherov.
1:55 of 1st period - Stopped by Jacob Markstrom without a rebound.
1:56 of 1st period - Dylan Larkin wins face-off versus Max Domi in Jets zone.
2:01 of 1st period - Snap shot by Dylan Larkin.
2:01 of 1st period - Shot Misses the Net.
2:03 of 1st period - Slapshot by Jake Gardiner.
2:03 of 1st period - Shot Misses the Net.
2:11 of 1st period - Wrist shot by Dylan Larkin.
2:11 of 1st period - Goal by Dylan Larkin - Jets : 0 - Red Wings : 1.
2:12 of 1st period - Ryan Johansen wins face-off versus Robby Fabbri in neutral zone.
2:44 of 1st period - Off-side.
2:45 of 1st period - Dylan Larkin wins face-off versus Max Domi in neutral zone.
3:12 of 1st period - Wrist shot by Nino Niederreiter.
3:12 of 1st period - Stopped by Jacob Markstrom with a rebound.
3:14 of 1st period - Snap shot by David Rundblad.
3:14 of 1st period - Stopped by Jacob Markstrom without a rebound.
3:15 of 1st period - Viktor Arvidsson wins face-off versus Ryan O'Reilly in Jets zone.
3:58 of 1st period - Minor Penalty to Carson Mcmillan for Interference.
3:59 of 1st period - Ryan Johansen wins face-off versus Jamie Arniel in Red Wings zone.
4:16 of 1st period - Slapshot by David Rundblad.
4:16 of 1st period - Shot Blocked by Alex Galchenyuk.
4:22 of 1st period - Alex Galchenyuk is hit by Jake Gardiner and loses puck.
5:01 of 1st period - Wrist shot by Alex Galchenyuk.
5:01 of 1st period - Stopped by Tyler Weiman without a rebound.
5:02 of 1st period - Max Domi wins face-off versus Jamie Arniel in Red Wings zone.
5:42 of 1st period - Icing by Anthony Mantha.
5:43 of 1st period - Max Domi wins face-off versus Dylan Larkin in Jets zone.
5:54 of 1st period - Alex Galchenyuk is hit by Nino Niederreiter.
5:58 of 1st period - Penalty to Carson Mcmillan is over, Carson Mcmillan is back on ice.
6:34 of 1st period - Wrist shot by Nikita Kucherov.
6:34 of 1st period - Deflect By Dylan Larkin.
6:34 of 1st period - Shot Blocked by Mirco Mueller.
6:34 of 1st period - Puck is out of play.
6:35 of 1st period - Max Domi wins face-off versus Dylan Larkin in Jets zone.
6:41 of 1st period - Minor Penalty to Max Domi for Hooking.
6:42 of 1st period - Alexander Wennberg wins face-off versus Dylan Larkin in Jets zone.
7:35 of 1st period - Icing by Jake Gardiner.
7:36 of 1st period - Dylan Larkin wins face-off versus Alexander Wennberg in Red Wings zone.
8:37 of 1st period - Snap shot by Viktor Arvidsson.
8:37 of 1st period - Stopped by Tyler Weiman with a rebound.
8:41 of 1st period - Penalty to Max Domi is over, Max Domi is back on ice.
10:16 of 1st period - Snap shot by Viktor Arvidsson.
10:16 of 1st period - Shot Blocked by David Rundblad.
10:18 of 1st period - Slapshot by Marco Scandella.
10:18 of 1st period - Deflect By David Rundblad.
10:18 of 1st period - Stopped by Tyler Weiman with a rebound.
10:30 of 1st period - Slapshot by Sam Reinhart.
10:30 of 1st period - Shot Misses the Net.
11:12 of 1st period - Nino Niederreiter is hit by Anthony Mantha and loses puck.
11:52 of 1st period - Snap shot by Robby Fabbri.
11:52 of 1st period - Stopped by Jacob Markstrom without a rebound.
11:53 of 1st period - Jamie Arniel wins face-off versus Ryan Johansen in Jets zone.
12:00 of 1st period - Snap shot by Jamie Arniel.
12:00 of 1st period - Shot Blocked by Ryan Murray.
12:02 of 1st period - Wrist shot by Jamie Arniel.
12:02 of 1st period - Shot Blocked by Ryan Murray.
12:04 of 1st period - Slapshot by Roland McKeown.
12:04 of 1st period - Shot Misses the Net.
12:18 of 1st period - Nino Niederreiter is hit by Max Domi and loses puck.
12:43 of 1st period - Slapshot by Ryan O'Reilly.
12:43 of 1st period - Deflect By Frans Nielsen.
12:43 of 1st period - Stopped by Jacob Markstrom with a rebound.
13:08 of 1st period - Minor Penalty to Marco Scandella for High sticking.
13:09 of 1st period - Dylan Larkin wins face-off versus Alexander Wennberg in Jets zone.
14:05 of 1st period - Snap shot by Nino Niederreiter.
14:05 of 1st period - Stopped by Jacob Markstrom without a rebound.
14:06 of 1st period - Ryan O'Reilly wins face-off versus Anthony Mantha in Jets zone.
14:09 of 1st period - Wrist shot by Ryan O'Reilly.
14:09 of 1st period - Shot Blocked by Adam Larsson.
14:15 of 1st period - Wrist shot by Artemi Panarin.
14:15 of 1st period - Shot Misses the Net.
14:17 of 1st period - Slapshot by Ryan O'Reilly.
14:17 of 1st period - Shot Misses the Net.
15:08 of 1st period - Penalty to Marco Scandella is over, Marco Scandella is back on ice.
15:57 of 1st period - Frans Nielsen is hit by Troy Stetcher and loses puck.
16:42 of 1st period - Wrist shot by Adam Larsson.
16:42 of 1st period - Stopped by Tyler Weiman with a rebound.
16:44 of 1st period - Snap shot by Noel Acciari.
16:44 of 1st period - Shot Misses the Net.
16:46 of 1st period - Slapshot by Marco Scandella.
16:46 of 1st period - Shot Misses the Net.
17:10 of 1st period - Ryan O'Reilly is hit by Ryan Murray and loses puck.
17:17 of 1st period - Tyler Toffoli is hit by Frans Nielsen and loses puck.
17:48 of 1st period - Wrist shot by Sam Reinhart.
17:48 of 1st period - Stopped by Tyler Weiman without a rebound.
17:49 of 1st period - Noel Acciari wins face-off versus Dylan Larkin in Red Wings zone.
18:15 of 1st period - Marco Scandella is hit by Tyler Bertuzzi.
18:25 of 1st period - Drew Fata is hit by Adam Larsson.
18:37 of 1st period - Cody Franson is hit by Adam Larsson and loses puck.
18:48 of 1st period - Slapshot by Anthony Mantha.
18:48 of 1st period - Shot Misses the Net.
19:00 of 1st period - Alexander Wennberg is hit by Nino Niederreiter and loses puck.
19:23 of 1st period - Wrist shot by Jamie Arniel.
19:23 of 1st period - Stopped by Jacob Markstrom with a rebound.
19:25 of 1st period - Wrist shot by Robby Fabbri.
19:25 of 1st period - Shot Misses the Net.
Goals for this period are 0 for Jets vs 1 for Red Wings.
Shots for this period are 5 for Jets vs 9 for Red Wings.
2nd period
0:01 of 2nd period - Anthony Mantha wins face-off versus Dylan Larkin in neutral zone.
0:59 of 2nd period - Drew Fata is hit by Troy Stetcher and loses puck.
1:12 of 2nd period - Wrist shot by Max Domi.
1:12 of 2nd period - Stopped by Tyler Weiman without a rebound.
1:13 of 2nd period - Tyler Seguin wins face-off versus Nino Niederreiter in Red Wings zone.
1:14 of 2nd period - Snap shot by Max Domi.
1:14 of 2nd period - Shot Misses the Net.
1:40 of 2nd period - David Rundblad is hit by Ryan Johansen and loses puck.
2:04 of 2nd period - Robby Fabbri is hit by Ryan Murray and loses puck.
2:31 of 2nd period - Slapshot by Max Domi.
2:31 of 2nd period - Stopped by Tyler Weiman without a rebound.
2:32 of 2nd period - Max Domi wins face-off versus Dylan Larkin in Red Wings zone.
2:33 of 2nd period - Backhand shot by Troy Stetcher.
2:33 of 2nd period - Stopped by Tyler Weiman with a rebound.
3:08 of 2nd period - Slapshot by Artemi Panarin.
3:08 of 2nd period - Shot Blocked by Marco Scandella.
3:55 of 2nd period - Slapshot by Troy Stetcher.
3:55 of 2nd period - Shot Blocked by T.J. Hensick.
3:57 of 2nd period - Slapshot by Mirco Mueller.
3:57 of 2nd period - Shot Blocked by Carson Mcmillan.
4:04 of 2nd period - Minor Penalty to Cody Franson for High sticking.
4:05 of 2nd period - Jamie Arniel wins face-off versus Ryan Johansen in Red Wings zone.
4:15 of 2nd period - Adam Larsson is hit by David Rundblad and loses puck.
4:24 of 2nd period - Carson Mcmillan is hit by Ryan Johansen and loses puck.
5:19 of 2nd period - Artemi Panarin is hit by Alex Galchenyuk and loses puck.
6:04 of 2nd period - Penalty to Cody Franson is over, Cody Franson is back on ice.
6:28 of 2nd period - Snap shot by Cody Franson.
6:28 of 2nd period - Shot Hit the Post.
6:30 of 2nd period - Slapshot by Brendan Woods.
6:30 of 2nd period - Stopped by Jacob Markstrom with a rebound.
6:32 of 2nd period - Snap shot by Brendan Woods.
6:32 of 2nd period - Shot Misses the Net.
6:34 of 2nd period - Snap shot by David Rundblad.
6:34 of 2nd period - Deflect By Ryan Murray.
6:34 of 2nd period - Stopped by Jacob Markstrom with a rebound.
6:50 of 2nd period - Snap shot by Brendan Woods.
6:50 of 2nd period - Shot Blocked by Ryan Murray.
6:56 of 2nd period - Snap shot by T.J. Hensick.
6:56 of 2nd period - Shot Misses the Net.
7:02 of 2nd period - Snap shot by Cody Franson.
7:02 of 2nd period - Shot Misses the Net.
7:08 of 2nd period - Wrist shot by Cody Franson.
7:08 of 2nd period - Shot Blocked by Ryan Murray.
7:10 of 2nd period - Slapshot by David Rundblad.
7:10 of 2nd period - Deflect By T.J. Hensick.
7:10 of 2nd period - Shot Blocked by Viktor Arvidsson.
7:10 of 2nd period - Puck is out of play.
7:11 of 2nd period - Dylan Larkin wins face-off versus Max Domi in Jets zone.
7:12 of 2nd period - Snap shot by Nikita Kucherov.
7:12 of 2nd period - Shot Misses the Net.
7:14 of 2nd period - Wrist shot by Dylan Larkin.
7:14 of 2nd period - Stopped by Jacob Markstrom with a rebound.
7:16 of 2nd period - Wrist shot by Dylan Larkin.
7:16 of 2nd period - Stopped by Jacob Markstrom with a rebound.
7:34 of 2nd period - Minor Penalty to Troy Stetcher for Roughing.
7:35 of 2nd period - Alexander Wennberg wins face-off versus Dylan Larkin in Jets zone.
7:35 of 2nd period - Alexander Wennberg is hit by Robby Fabbri.
9:24 of 2nd period - Alex Galchenyuk is hit by Jake Gardiner and loses puck.
9:34 of 2nd period - Penalty to Troy Stetcher is over, Troy Stetcher is back on ice.
9:43 of 2nd period - Wrist shot by T.J. Hensick.
9:43 of 2nd period - Stopped by Jacob Markstrom without a rebound.
9:44 of 2nd period - Ryan Johansen wins face-off versus T.J. Hensick in Jets zone.
9:44 of 2nd period - Ryan Johansen is hit by Brendan Woods.
10:08 of 2nd period - Troy Stetcher is hit by Roland McKeown and loses puck.
10:15 of 2nd period - Snap shot by Artemi Panarin.
10:15 of 2nd period - Shot Blocked by Mirco Mueller.
10:44 of 2nd period - Off-side.
10:45 of 2nd period - Dylan Larkin wins face-off versus Noel Acciari in neutral zone.
10:54 of 2nd period - Slapshot by Dylan Larkin.
10:54 of 2nd period - Stopped by Jacob Markstrom with a rebound.
11:16 of 2nd period - Snap shot by Frank Vatrano.
11:16 of 2nd period - Deflect By Nikita Kucherov.
11:16 of 2nd period - Stopped by Tyler Weiman with a rebound.
11:28 of 2nd period - Drew Fata is hit by Frank Vatrano and loses puck.
11:41 of 2nd period - Snap shot by Nikita Kucherov.
11:41 of 2nd period - Stopped by Jacob Markstrom without a rebound.
11:42 of 2nd period - Frans Nielsen wins face-off versus Max Domi in Jets zone.
12:13 of 2nd period - Off-side.
12:14 of 2nd period - Ryan Johansen wins face-off versus Jamie Arniel in neutral zone.
12:17 of 2nd period - Cody Franson is hit by Tyler Toffoli and loses puck.
13:10 of 2nd period - Wrist shot by Dylan Larkin.
13:10 of 2nd period - Shot Blocked by Mirco Mueller.
13:25 of 2nd period - Slapshot by Frans Nielsen.
13:25 of 2nd period - Shot Blocked by Mirco Mueller.
13:27 of 2nd period - Wrist shot by Ryan O'Reilly.
13:27 of 2nd period - Shot Blocked by Troy Stetcher.
13:29 of 2nd period - Slapshot by Philip Samuelsson.
13:29 of 2nd period - Stopped by Jacob Markstrom with a rebound.
13:31 of 2nd period - Slapshot by Drew Fata.
13:31 of 2nd period - Deflect By Artemi Panarin.
13:31 of 2nd period - Shot Misses the Net.
13:31 of 2nd period - Puck is out of play.
13:32 of 2nd period - Ryan Johansen wins face-off versus Nino Niederreiter in Jets zone.
13:48 of 2nd period - Snap shot by Nino Niederreiter.
13:48 of 2nd period - Shot Blocked by Alex Galchenyuk.
14:00 of 2nd period - Ryan Murray is hit by Ryan O'Reilly and loses puck.
14:07 of 2nd period - Slapshot by Dougie Hamilton.
14:07 of 2nd period - Shot Blocked by David Rundblad.
14:09 of 2nd period - Snap shot by Ryan Murray.
14:09 of 2nd period - Stopped by Tyler Weiman without a rebound.
14:10 of 2nd period - Ryan O'Reilly wins face-off versus Ryan Johansen in Red Wings zone.
14:21 of 2nd period - Slapshot by Ryan O'Reilly.
14:21 of 2nd period - Shot Misses the Net.
14:43 of 2nd period - Wrist shot by Jamie Arniel.
14:43 of 2nd period - Stopped by Jacob Markstrom without a rebound.
14:44 of 2nd period - Jamie Arniel wins face-off versus Max Domi in Jets zone.
15:35 of 2nd period - Wrist shot by Jamie Arniel.
15:35 of 2nd period - Stopped by Jacob Markstrom without a rebound.
15:36 of 2nd period - Max Domi wins face-off versus Nino Niederreiter in Jets zone.
15:41 of 2nd period - Anthony Mantha is hit by Nikita Kucherov and loses puck.
16:02 of 2nd period - Snap shot by Dylan Larkin.
16:02 of 2nd period - Stopped by Jacob Markstrom without a rebound.
16:03 of 2nd period - Ryan Johansen wins face-off versus Ryan O'Reilly in Jets zone.
16:12 of 2nd period - Slapshot by Dougie Hamilton.
16:12 of 2nd period - Stopped by Tyler Weiman without a rebound.
16:13 of 2nd period - Ryan O'Reilly wins face-off versus Ryan Johansen in Red Wings zone.
16:38 of 2nd period - Ryan Murray is hit by Frans Nielsen and loses puck.
16:47 of 2nd period - Backhand shot by Alex Galchenyuk.
16:47 of 2nd period - Shot Misses the Net.
16:49 of 2nd period - Backhand shot by Tyler Toffoli.
16:49 of 2nd period - Deflect By Ryan Johansen.
16:49 of 2nd period - Shot Misses the Net.
16:49 of 2nd period - Puck is out of play.
16:50 of 2nd period - Max Domi wins face-off versus Dylan Larkin in Red Wings zone.
16:55 of 2nd period - Wrist shot by Tyler Seguin.
16:55 of 2nd period - Shot Blocked by David Rundblad.
16:57 of 2nd period - Snap shot by Anthony Mantha.
16:57 of 2nd period - Stopped by Tyler Weiman with a rebound.
16:59 of 2nd period - Snap shot by Anthony Mantha.
16:59 of 2nd period - Shot Misses the Net.
17:01 of 2nd period - Slapshot by Anthony Mantha.
17:01 of 2nd period - Shot Blocked by Jake Gardiner.
17:03 of 2nd period - Snap shot by Tyler Seguin.
17:03 of 2nd period - Stopped by Tyler Weiman with a rebound.
17:05 of 2nd period - Wrist shot by Troy Stetcher.
17:05 of 2nd period - Stopped by Tyler Weiman without a rebound.
17:06 of 2nd period - Dylan Larkin wins face-off versus Alexander Wennberg in Red Wings zone.
17:15 of 2nd period - Minor Penalty to Nino Niederreiter for Hooking.
17:16 of 2nd period - Carson Mcmillan wins face-off versus Ryan Johansen in Red Wings zone.
17:25 of 2nd period - Wrist shot by Jamie Arniel.
17:25 of 2nd period - Shot Misses the Net.
17:43 of 2nd period - Slapshot by Tyler Seguin.
17:43 of 2nd period - Shot Blocked by Carson Mcmillan.
17:45 of 2nd period - Wrist shot by Tyler Seguin.
17:45 of 2nd period - Shot Blocked by Carson Mcmillan.
17:47 of 2nd period - Snap shot by Ryan Murray.
17:47 of 2nd period - Shot Blocked by Drew Fata.
17:49 of 2nd period - Slapshot by Ryan Murray.
17:49 of 2nd period - Shot Blocked by David Rundblad.
17:51 of 2nd period - Wrist shot by Ryan Murray.
17:51 of 2nd period - Goal by Ryan Murray - Jets : 1 - Red Wings : 1.
17:52 of 2nd period - Tyler Seguin wins face-off versus Dylan Larkin in neutral zone.
17:59 of 2nd period - Wrist shot by Anthony Mantha.
17:59 of 2nd period - Stopped by Tyler Weiman without a rebound.
18:00 of 2nd period - Dylan Larkin wins face-off versus Max Domi in Red Wings zone.
18:07 of 2nd period - Backhand shot by Dylan Larkin.
18:07 of 2nd period - Shot Blocked by Ryan Murray.
18:19 of 2nd period - Snap shot by Dylan Larkin.
18:19 of 2nd period - Shot Misses the Net.
18:21 of 2nd period - Slapshot by Drew Fata.
18:21 of 2nd period - Stopped by Jacob Markstrom without a rebound.
18:22 of 2nd period - Ryan Johansen wins face-off versus Artemi Panarin in Jets zone.
18:37 of 2nd period - Snap shot by Ryan O'Reilly.
18:37 of 2nd period - Stopped by Jacob Markstrom with a rebound.
18:39 of 2nd period - Snap shot by Frans Nielsen.
18:39 of 2nd period - Shot Blocked by Adam Larsson.
19:05 of 2nd period - Marco Scandella is hit by Nikita Kucherov and loses puck.
19:12 of 2nd period - Anthony Mantha is hit by Nino Niederreiter and loses puck.
19:23 of 2nd period - Wrist shot by Marco Scandella.
19:23 of 2nd period - Stopped by Tyler Weiman with a rebound.
19:27 of 2nd period - Snap shot by Max Domi.
19:27 of 2nd period - Stopped by Tyler Weiman without a rebound.
19:28 of 2nd period - Ryan O'Reilly wins face-off versus Ryan Johansen in Red Wings zone.
19:55 of 2nd period - Snap shot by Carson Mcmillan.
19:55 of 2nd period - Stopped by Jacob Markstrom with a rebound.
Goals for this period are 1 for Jets vs 0 for Red Wings.
Shots for this period are 13 for Jets vs 14 for Red Wings.
3rd period
0:01 of 3rd period - Dylan Larkin wins face-off versus Max Domi in neutral zone.
0:32 of 3rd period - Ryan Johansen is hit by Artemi Panarin and loses puck.
0:48 of 3rd period - Off-side.
0:49 of 3rd period - Alexander Wennberg wins face-off versus T.J. Hensick in neutral zone.
1:18 of 3rd period - Slapshot by Jake Gardiner.
1:18 of 3rd period - Stopped by Jacob Markstrom without a rebound.
1:19 of 3rd period - Ryan O'Reilly wins face-off versus Max Domi in Jets zone.
1:46 of 3rd period - Anthony Mantha is hit by Philip Samuelsson and loses puck.
1:59 of 3rd period - David Rundblad is hit by Anthony Mantha and loses puck.
2:06 of 3rd period - Slapshot by Jake Gardiner.
2:06 of 3rd period - Stopped by Jacob Markstrom with a rebound.
2:08 of 3rd period - Slapshot by Jake Gardiner.
2:08 of 3rd period - Shot Blocked by Ryan Murray.
2:30 of 3rd period - Slapshot by Dougie Hamilton.
2:30 of 3rd period - Shot Misses the Net.
2:32 of 3rd period - Wrist shot by Max Domi.
2:32 of 3rd period - Stopped by Tyler Weiman without a rebound.
2:33 of 3rd period - Dylan Larkin wins face-off versus Alex Galchenyuk in Red Wings zone.
2:33 of 3rd period - Dylan Larkin is hit by Tyler Toffoli.
2:56 of 3rd period - Icing by Troy Stetcher.
2:57 of 3rd period - Jamie Arniel wins face-off versus Alexander Wennberg in Jets zone.
2:58 of 3rd period - Snap shot by Robby Fabbri.
2:58 of 3rd period - Shot Misses the Net.
3:04 of 3rd period - Slapshot by Mirco Mueller.
3:04 of 3rd period - Shot Misses the Net.
3:06 of 3rd period - Slapshot by Alexander Wennberg.
3:06 of 3rd period - Shot Blocked by Jake Gardiner.
3:08 of 3rd period - Slapshot by Troy Stetcher.
3:08 of 3rd period - Shot Misses the Net.
3:10 of 3rd period - Snap shot by Viktor Arvidsson.
3:10 of 3rd period - Stopped by Tyler Weiman without a rebound.
3:11 of 3rd period - Dylan Larkin wins face-off versus Ryan Johansen in Red Wings zone.
3:11 of 3rd period - Dylan Larkin is hit by Tyler Toffoli.
3:49 of 3rd period - Slapshot by Adam Larsson.
3:49 of 3rd period - Deflect By Noel Acciari.
3:49 of 3rd period - Stopped by Tyler Weiman without a rebound.
3:50 of 3rd period - Ryan O'Reilly wins face-off versus Ryan Johansen in Red Wings zone.
4:01 of 3rd period - Wrist shot by Ryan O'Reilly.
4:01 of 3rd period - Stopped by Jacob Markstrom with a rebound.
4:03 of 3rd period - Wrist shot by David Rundblad.
4:03 of 3rd period - Deflect By Alex Galchenyuk.
4:03 of 3rd period - Stopped by Jacob Markstrom without a rebound.
4:04 of 3rd period - Dylan Larkin wins face-off versus Ryan Johansen in Jets zone.
5:31 of 3rd period - Snap shot by Dylan Larkin.
5:31 of 3rd period - Stopped by Jacob Markstrom without a rebound.
5:32 of 3rd period - Dylan Larkin wins face-off versus Ryan Johansen in Jets zone.
5:35 of 3rd period - Wrist shot by Nikita Kucherov.
5:35 of 3rd period - Stopped by Jacob Markstrom without a rebound.
5:36 of 3rd period - Dylan Larkin wins face-off versus Ryan Johansen in Jets zone.
5:47 of 3rd period - Snap shot by Alex Galchenyuk.
5:47 of 3rd period - Stopped by Tyler Weiman without a rebound.
5:48 of 3rd period - Max Domi wins face-off versus Dylan Larkin in Red Wings zone.
5:49 of 3rd period - Wrist shot by Tyler Seguin.
5:49 of 3rd period - Stopped by Tyler Weiman with a rebound.
6:51 of 3rd period - Wrist shot by Tyler Toffoli.
6:51 of 3rd period - Stopped by Tyler Weiman without a rebound.
6:52 of 3rd period - Max Domi wins face-off versus Ryan O'Reilly in Red Wings zone.
6:57 of 3rd period - Snap shot by Tyler Seguin.
6:57 of 3rd period - Stopped by Tyler Weiman without a rebound.
6:58 of 3rd period - Max Domi wins face-off versus Artemi Panarin in Red Wings zone.
7:01 of 3rd period - Snap shot by Anthony Mantha.
7:01 of 3rd period - Stopped by Tyler Weiman without a rebound.
7:02 of 3rd period - Frans Nielsen wins face-off versus Tyler Seguin in Red Wings zone.
7:12 of 3rd period - Philip Samuelsson is hit by Dougie Hamilton and loses puck.
7:25 of 3rd period - Wrist shot by Anthony Mantha.
7:25 of 3rd period - Stopped by Tyler Weiman with a rebound.
7:39 of 3rd period - Snap shot by Tyler Seguin.
7:39 of 3rd period - Deflect By Max Domi.
7:39 of 3rd period - Stopped by Tyler Weiman with a rebound.
7:41 of 3rd period - Snap shot by Max Domi.
7:41 of 3rd period - Stopped by Tyler Weiman with a rebound.
7:43 of 3rd period - Snap shot by Tyler Seguin.
7:43 of 3rd period - Stopped by Tyler Weiman with a rebound.
7:45 of 3rd period - Slapshot by Dougie Hamilton.
7:45 of 3rd period - Stopped by Tyler Weiman with a rebound.
7:58 of 3rd period - Minor Penalty to Frans Nielsen for High sticking.
7:59 of 3rd period - Jamie Arniel wins face-off versus Ryan Johansen in Red Wings zone.
7:59 of 3rd period - Jamie Arniel is hit by Ryan Johansen.
8:12 of 3rd period - Carson Mcmillan is hit by Dougie Hamilton and loses puck.
8:33 of 3rd period - Tyler Toffoli is hit by T.J. Hensick and loses puck.
8:50 of 3rd period - Carson Mcmillan is hit by Ryan Murray.
9:48 of 3rd period - Tyler Toffoli is hit by David Rundblad and loses puck.
9:58 of 3rd period - Penalty to Frans Nielsen is over, Frans Nielsen is back on ice.
10:01 of 3rd period - Slapshot by David Rundblad.
10:01 of 3rd period - Deflect By Adam Larsson.
10:01 of 3rd period - Stopped by Jacob Markstrom with a rebound.
10:03 of 3rd period - Snap shot by Nino Niederreiter.
10:03 of 3rd period - Shot Misses the Net.
10:23 of 3rd period - Ryan O'Reilly is hit by Viktor Arvidsson and loses puck.
12:03 of 3rd period - Anthony Mantha is hit by Frans Nielsen and loses puck.
12:44 of 3rd period - Carson Mcmillan is hit by Noel Acciari.
12:55 of 3rd period - Brendan Woods is hit by Frank Vatrano and loses puck.
13:32 of 3rd period - Brendan Woods is hit by Troy Stetcher and loses puck.
13:50 of 3rd period - T.J. Hensick is hit by Frank Vatrano and loses puck.
14:01 of 3rd period - Wrist shot by Sam Reinhart.
14:01 of 3rd period - Shot Misses the Net.
14:03 of 3rd period - Snap shot by Frank Vatrano.
14:03 of 3rd period - Shot Misses the Net.
14:05 of 3rd period - Snap shot by Dougie Hamilton.
14:05 of 3rd period - Deflect By Noel Acciari.
14:05 of 3rd period - Shot Blocked by Brendan Woods.
14:05 of 3rd period - Puck is out of play.
14:06 of 3rd period - Dylan Larkin wins face-off versus Ryan Johansen in Red Wings zone.
14:36 of 3rd period - Minor Penalty to Marco Scandella for Holding.
14:37 of 3rd period - Dylan Larkin wins face-off versus Alexander Wennberg in Jets zone.
16:36 of 3rd period - Penalty to Marco Scandella is over, Marco Scandella is back on ice.
16:49 of 3rd period - Carson Mcmillan is hit by Marco Scandella and loses puck.
17:33 of 3rd period - Off-side.
17:34 of 3rd period - Noel Acciari wins face-off versus Jamie Arniel in neutral zone.
17:41 of 3rd period - Slapshot by Frank Vatrano.
17:41 of 3rd period - Stopped by Tyler Weiman without a rebound.
17:42 of 3rd period - Dylan Larkin wins face-off versus Noel Acciari in Red Wings zone.
17:48 of 3rd period - Off-side.
17:49 of 3rd period - Alexander Wennberg wins face-off versus Dylan Larkin in neutral zone.
18:00 of 3rd period - Wrist shot by Viktor Arvidsson.
18:00 of 3rd period - Shot Blocked by Nikita Kucherov.
18:02 of 3rd period - Wrist shot by Alexander Wennberg.
18:02 of 3rd period - Deflect By Kyle Connor.
18:02 of 3rd period - Shot Blocked by Cody Franson.
18:02 of 3rd period - Puck is out of play.
18:03 of 3rd period - Alexander Wennberg wins face-off versus Jamie Arniel in Red Wings zone.
18:06 of 3rd period - Snap shot by Alexander Wennberg.
18:06 of 3rd period - Shot Blocked by Robby Fabbri.
18:08 of 3rd period - Wrist shot by Mirco Mueller.
18:08 of 3rd period - Shot Blocked by Tyler Bertuzzi.
18:18 of 3rd period - Snap shot by Viktor Arvidsson.
18:18 of 3rd period - Stopped by Tyler Weiman with a rebound.
18:20 of 3rd period - Slapshot by Troy Stetcher.
18:20 of 3rd period - Deflect By Alexander Wennberg.
18:20 of 3rd period - Stopped by Tyler Weiman without a rebound.
18:21 of 3rd period - Ryan Johansen wins face-off versus Dylan Larkin in Red Wings zone.
18:22 of 3rd period - Snap shot by Tyler Toffoli.
18:22 of 3rd period - Stopped by Tyler Weiman with a rebound.
18:36 of 3rd period - Snap shot by Ryan Johansen.
18:36 of 3rd period - Shot Misses the Net.
18:38 of 3rd period - Slapshot by Troy Stetcher.
18:38 of 3rd period - Deflect By Alex Galchenyuk.
18:38 of 3rd period - Shot Blocked by Nikita Kucherov.
18:38 of 3rd period - Puck is out of play.
18:39 of 3rd period - Tyler Bertuzzi wins face-off versus Viktor Arvidsson in Red Wings zone.
18:41 of 3rd period - Minor Penalty to Jamie Arniel for Tripping.
18:42 of 3rd period - Nino Niederreiter wins face-off versus Ryan Johansen in Red Wings zone.
18:42 of 3rd period - Nino Niederreiter is hit by Tyler Toffoli.
18:48 of 3rd period - Icing by Ryan Johansen.
18:49 of 3rd period - Ryan Johansen wins face-off versus Nino Niederreiter in Jets zone.
18:49 of 3rd period - Ryan Johansen is hit by David Rundblad.
19:05 of 3rd period - Minor Penalty to Tyler Toffoli for Tripping.
19:06 of 3rd period - Ryan Johansen wins face-off versus Artemi Panarin in Jets zone.
19:17 of 3rd period - Wrist shot by Ryan Johansen.
19:17 of 3rd period - Stopped by Tyler Weiman with a rebound.
Goals for this period are 0 for Jets vs 0 for Red Wings.
Shots for this period are 18 for Jets vs 7 for Red Wings.
Overtime #1
0:01 of 1st overtime period - Nikita Kucherov wins face-off versus Tyler Seguin in neutral zone.
0:12 of 1st overtime period - Snap shot by Nino Niederreiter.
0:12 of 1st overtime period - Goal by Nino Niederreiter - Jets : 1 - Red Wings : 2.
Goals for this period are 0 for Jets vs 1 for Red Wings.
Shots for this period are 0 for Jets vs 1 for Red Wings.